 Dungeon Crawl Stone Soup version 0.20.1-1-g8b1a95d (console) character file.

249 hilaritas the Magician (level 5, -1/28 HPs)
             Began as a Deep Elf Earth Elementalist on Sept 10, 2017.
             Slain by Pikel
             ... wielding a +1 whip of flaming
              (6 damage)
             ... on level 4 of the Dungeon.
             The game lasted 00:09:09 (4113 turns).

hilaritas the Magician (DEEE)                       Turns: 4113, Time: 00:09:09

Health: -1/28      AC:  2    Str:  6    XL:     5   Next: 87%
Magic:  0/15       EV: 13    Int: 24    God:
Gold:   147        SH:  0    Dex: 15    Spells: 7/16 levels left

rFire    . . .     SeeInvis .   k - +0 short sword
rCold    . . .     Gourm    +   (no shield)
rNeg     . . .     Faith    .   c - +0 robe
rPois    .         Spirit   .   (helmet restricted)
rElec    .         Reflect  .   (no cloak)
rCorr    .         Harm     .   (no gloves)
MR       .....                  (no boots)
Stlth    ++........             q - amulet of the gourmand
Regen    0.1/turn               (no ring)
MPRegen  0.2/turn               (no ring)

@: flying
A: antennae 1, clever 2, sense surroundings 1
a: no special abilities


You were on level 4 of the Dungeon.
You were not hungry.

You visited 1 branch of the dungeon, and saw 4 of its levels.

You collected 147 gold pieces.

Inventory:

Hand Weapons
 k - a +0 short sword (weapon)
Missiles
 b - 28 stones (quivered)
 h - 44 arrows
Armour
 c - a +0 robe (worn)
 j - a +1 helmet
Jewellery
 q - an amulet of the gourmand (around neck)
 x - an uncursed amulet of guardian spirit
Wands
 t - a wand of lightning (5/15)
Scrolls
 a - 2 scrolls of identify
Potions
 l - 2 potions of mutation
 m - a potion of agility {unknown}
 n - a potion of haste {unknown}
 p - a potion of resistance {unknown}
 s - a potion of magic {unknown}
 v - a potion of heal wounds {unknown}
Books
 e - a book of Geomancy

   Spells                             Type                      Level
   a - Sandblast                      Earth                        1
   b - Passwall                       Transmutation/Earth          2
   c - Stone Arrow                    Conjuration/Earth            3
   d - Petrify                        Transmutation/Earth          4
   e - Lee's Rapid Deconstruction     Earth                        5
Comestibles
 d - 4 bread rations
 g - a royal jelly


   Skills:
 - Level 2.4 Dodging
 - Level 2.4 Stealth
 - Level 6.1 Spellcasting
 + Level 2.1 Conjurations
   Level 1.1 Transmutations
 + Level 5.1 Earth Magic


You had 7 spell levels left.
You knew the following spells:

 Your Spells              Type           Power        Failure   Level  Hunger
a - Sandblast             Erth           ####..       1%          1    None
b - Stone Arrow           Conj/Erth      ###...       5%          3    #......
c - Lee's Rapid Deconstr  Erth           ####......   26%         5    #####..


Dungeon Overview and Level Annotations

Branches:
Dungeon (4/15)
 Temple: D:4-7

Altars:
Okawaru
The Shining One

Annotations:
D:4 Pikel


Innate Abilities, Weirdness & Mutations

You have a pair of small antennae on your head.
Your mind is very acute. (Int +4)
You passively map a small area around you.


Message History

Confirm with . or Enter, or press ? or * to list all spells.
Aiming: Sandblast
Press: ? - help, Shift-Dir - straight line, f/p - Pikel
Aim: Pikel, wielding a whip of flaming and wearing a robe (moderately wounded)
The blast of sand misses Pikel.
The blast of sand hits the slave.
The slave is heavily wounded.
b - 28 stones Pikel barely misses you.
You hit Pikel but do no damage.
Pikel is moderately wounded.
Pikel hits you with a whip of flaming!
* * * LOW HITPOINT WARNING * * *
Pikel burns you.
* * * LOW HITPOINT WARNING * * *
It was a potion of flight.
You feel very buoyant.
You fly up into the air.
Pikel cracks his whip.
Pikel hits you with a whip of flaming.
You die...

,,,*,,,,,#....,.........,,,,,,#..
,,,*######...####.####.########..
****#....!...##.....##...........
,,,,#........#.......#...........
,,,,#........#.......#...........
,,,,#............_.............>.
,,,,#..?.....#.......#...........
****#........#.......#...........
,,,,.........##.....##.########..
,,,,>........####.####..,,,,,,#..
,,,,.......'.ppK@.......,,,,,,*..
,,,,.......#.pZ#.....#...,,,,,+..
,,,,....p..#+###.....###+**,,,*,,
,,,*######.,,,,.........,,*,,,*,,
,,,* #.,,,,..!......,,*,,,*,,
,,,* #.,,,..........,,+,,,*,,
,,,* *,,,,..........,,*,,,*,,
8,,* *,,,...$.......,,*,,,*,,
*,,* *,,,,,,,,,,,,,,,,***+*,,
*,** ***,,,,,,*+***,,,,,,,,,, ,,*
*,,,,,,*,,,*,,,,,,,,**


You could see Pikel, 3 slaves and a bullfrog skeleton.

Vanquished Creatures
  A slave (D:4)
  An ogre (D:3)
  A crimson imp (D:3)
  3 adders
  A gnoll (D:1)
  2 oozes
  3 worms
  2 dart slugs (D:1)
  2 leopard geckos
  4 bats (D:3)
  2 giant cockroaches
  11 goblins
  13 hobgoblins
  4 quokkas
  A ball python (D:2)
  5 frilled lizards
  8 kobolds
  10 rats
74 creatures vanquished.

Notes
Turn   | Place    | Note
-------+----------+-------------------------------------------
     0 | D:1      | hilaritas the Deep Elf Earth Elementalist began the quest for the Orb.
     0 | D:1      | Reached XP level 1. HP: 10/10 MP: 6/6
    62 | D:1      | Reached XP level 2. HP: 7/15 MP: 1/8
   761 | D:1      | Reached XP level 3. HP: 19/19 MP: 5/9
   775 | D:1      | Learned a level 3 spell: Stone Arrow
  1096 | D:1      | Reached skill level 5 in Earth Magic
  1596 | D:2      | Reached skill level 1 in Conjurations
  2225 | D:2      | Found an iron altar of Okawaru.
  2276 | D:2      | Reached XP level 4. HP: 24/24 MP: 0/10
  2907 | D:3      | Reached skill level 4 in Spellcasting
  3161 | D:3      | Reached XP level 5. HP: 28/28 MP: 10/14
  3168 | D:3      | Learned a level 5 spell: Lee's Rapid Deconstruction
  3208 | D:3      | Noticed an ogre
  3212 | D:3      | Killed an ogre
  3212 | D:3      | Reached skill level 6 in Spellcasting
  4047 | D:4      | Gained mutation: Your mind is acute. (Int +2) [potion of mutation]
  4047 | D:4      | Gained mutation: You have a pair of small antennae on your head. [potion of mutation]
  4047 | D:4      | Gained mutation: You passively map a small area around you. [potion of mutation]
  4047 | D:4      | Gained mutation: Your mind is very acute. (Int +4) [potion of mutation]
  4071 | D:4      | Found a glowing golden altar of the Shining One.
  4082 | D:4      | Noticed a slave
  4082 | D:4      | Noticed a slave
  4082 | D:4      | Noticed a slave
  4083 | D:4      | Noticed a slave
  4084 | D:4      | Noticed Pikel
  4096 | D:4      | Killed a slave
  4113 | D:4      | Slain by Pikel

Skill      XL: |  1  2  3  4  5 |
---------------+----------------+-----
Earth Magic    | 4 5 |  5.1
Conjurations   | 1 2 |  2.1
Spellcasting   | 4 6 |  6.1
Dodging        | |  2.4
Stealth        | |  2.4
Transmutations | |  1.1

Action                   |  1- 3 |  4- 6 || total
-------------------------+-------+-------++-------
Melee: Short sword       |     3 |    16 ||    19
 Cast: Sandblast         |    38 |    25 ||    63
       Stone Arrow       |    22 |    25 ||    47
  Use: Scroll            |       |     5 ||     5
       Potion            |       |     3 ||     3
  Eat: Chunk             |     6 |     7 ||    13
Armor: Robe              |     2 |     2 ||     4
Dodge: Dodged            |     8 |    20 ||    28
